 Dungeon Crawl Stone Soup version 0.27-a0-1144-g0b7d3b79db (webtiles) character file.

Game seed: 11751913132806043914

43 Vomitron the Slasher (level 3, -7/28 HPs)
             Began as a Demonspawn Gladiator on May 11, 2021.
             Mangled by Natasha (8 damage)
             ... on level 2 of the Dungeon.
             The game lasted 00:01:49 (2075 turns).

Vomitron the Slasher (Demonspawn Gladiator)         Turns: 2075, Time: 00:01:50

Health: -7/28      AC:  4    Str: 15    XL:     3   Next: 37%
Magic:  3/3        EV: 12    Int:  9    God:
Gold:   69         SH:  0    Dex: 14    Spells: 2/2 levels left

rFire    . . .     SeeInvis .   a - +0 long sword
rCold    . . .     Faith    .   (no shield)
rNeg     . . .     Spirit   .   b - +0 leather armour
rPois    .         Reflect  .   c - +0 helmet
rElec    .         Harm     .   (no cloak)
rCorr    .         Rampage  .   (no gloves)
Will     .....                  (no boots)
Stlth    +.........             (no amulet)
HPRegen  0.09/turn              (no ring)
MPRegen  0.08/turn              (no ring)

@: no status effects
A: demonic guardian 1
a: no special abilities


You were on level 2 of the Dungeon.
You visited 1 branch of the dungeon, and saw 2 of its levels.

You collected 69 gold pieces.

Inventory:

Hand Weapons
 a - a +0 long sword (weapon)
Missiles
 d - 3 throwing nets (quivered)
Armour
 b - a +0 leather armour (worn)
 c - a +0 helmet (worn)
Scrolls
 e - a scroll of noise {unknown}
 f - 2 scrolls of fear {unknown}
 g - 2 scrolls of identify {unknown}


   Skills:
 + Level 2.4 Fighting
 * Level 3.3 Long Blades
 - Level 1.7 Throwing
 + Level 1.0 Armour
 + Level 3.0 Dodging


You had 2 spell levels left.
You didn't know any spells.
Your spell library was empty.

Dungeon Overview and Level Annotations

Branches:
Dungeon (2/15)

Altars:

Annotations:
D:2 Natasha


Innate Abilities, Weirdness & Mutations

A weak demonic guardian rushes to your aid.


Message History

There is a stone staircase leading up here.
Unknown command.
Natasha casts a spell.
You barely miss Natasha.
Natasha stares at you and mumbles some strange words.
You resist with significant effort. The white imp barely misses you.
You riposte.
You barely miss the white imp. You hit Natasha.
Natasha is moderately wounded.
Natasha claws you but does no damage. The white imp misses you.
Unknown command.
You closely miss Natasha.
Natasha is moderately wounded.
Natasha claws you.
The white imp hits you but does no damage.
You barely miss Natasha.
Natasha is moderately wounded.
Natasha closely misses you.
You riposte.
You hit Natasha.
Natasha is moderately wounded.
The white imp hits you but does no damage.
You barely miss Natasha.
Natasha is moderately wounded.
Natasha mewls in sadness.
Natasha stares at you and mumbles some strange words.
The magic dart hits you! The white imp closely misses you.
You riposte.
You closely miss the white imp.
Natasha stares at you and mumbles some strange words.
The magic dart hits you. The white imp closely misses you.
You barely miss Natasha.
Natasha is moderately wounded.
Natasha closely misses you.
You riposte.
You hit Natasha.
Natasha is heavily wounded.
The white imp gestures at you. The puff of frost hits you!
* * * LOW HITPOINT WARNING * * *
A demonic guardian appears!
You barely miss Natasha.
Natasha is heavily wounded.
Natasha claws you!
You die...

####### #.....# #.....#
#######.....############
#.........รท.<...........
######.#####...5.............
.......# #...5@####.......>
.....#######....h# #........
####.............####5.......
#########....[..555.......
###.######h....... #### #.#
#....!... ...# #. #........
...# #.## ##########. ...##
..# #......#


You could see Natasha (ally target), a white imp (summoned) and a friendly
quasit (summoned).

Vanquished Creatures
  A worm (D:2)
  2 bats (D:1)
  7 endoplasms
  A giant cockroach (D:1)
  3 goblins (D:1)
  4 hobgoblins (D:1)
  3 quokkas (D:1)
  A ball python (D:1)
  A frilled lizard (D:1)
  5 kobolds
  8 rats
36 creatures vanquished.

Vanquished Creatures (collateral kills)
  A giant cockroach (D:1)
1 creature vanquished.

Grand Total: 37 creatures vanquished

Notes
Turn   | Place    | Note
-------+----------+-------------------------------------------
     0 | D:1      | Vomitron the Demonspawn Gladiator began the quest for the
                  | Orb.
     0 | D:1      | Reached XP level 1. HP: 16/16 MP: 1/1
   183 | D:1      | Gained mutation: A weak demonic guardian rushes to your
                  | aid. [demonic ancestry]
   183 | D:1      | Reached XP level 2. HP: 19/22 MP: 2/2
  1167 | D:1      | Reached XP level 3. HP: 28/28 MP: 3/3
  1700 | D:2      | Found a faded altar of an unknown god.
  1822 | D:2      | Reached skill level 1 in Armour
  1828 | D:2      | Noticed Natasha
  2074 | D:2      | HP: 1/28 [white imp/puff of frost[Natasha] (9)]
  2075 | D:2      | Mangled by Natasha

Illustrated notes

Levels and vault maps discovered:
D:1:      amcnicky_arrival_underground_garden, layout_basic,
          minmay_rat_gold_closets
D:2:      kennysheep_six_static_rooms, layout_rooms,
          shapermc_ecumenical_altar_mp_vishouse, uniq_natasha

Skill      XL: |  1  2  3 |
---------------+----------+-----
Long Blades    | 3 |  3.3
Dodging        | 3 |  3.0
Armour         | 1 |  1.0
Fighting       | |  2.4
Throwing       | |  1.7

Action                   || total
-------------------------++-------
Melee: Long sword        ||    99
 Stab: Sleeping          ||     3
Armor: Leather armour    ||    26
Dodge: Dodged            ||    61
       Rpst.: Long sword ||    19

Table legend: (Time is in decaauts)
 A = Elapsed time spent in this place.
 B = Non-inter-level travel time spent in this place.
 C = Inter-level travel time spent in this place.
 D = Time resting spent in this place.
 E = Time spent auto-exploring this place.
 F = Levels seen in this place.
 G = Mean time per level.
                   A        B        C        D        E       F      G
               +--------+--------+--------+--------+--------+-----+--------+
         Total |   2099 |   2005 |     94 |    327 |   1416 |   2 | 1049.5 |
       Dungeon |   2099 |   2005 |     94 |    327 |   1416 |   2 | 1049.5 |
               +--------+--------+--------+--------+--------+-----+--------+

Top non-repeatable levels by time:
     D:1: 1807 daAuts
     D:2: 292 daAuts
